 Dungeon Crawl Stone Soup version 0.25-a0-518-g7669666 (webtiles) character file.

Game seed: 6179781624516575785, levelgen mode: deterministic

10220 robertstho the Brawler (level 11, -3/105 HPs)
             Began as a Troll Monk on Feb 17, 2020.
             Slain by a porcupine (15 damage)
             ... on level 10 of the Dungeon.
             The game lasted 00:17:10 (7029 turns).

robertstho the Brawler (Troll Monk)                 Turns: 7029, Time: 00:17:11

Health: -3/105     AC:  8    Str: 23    XL:     11   Next: 33%
Magic:  10/10      EV: 12    Int:  6    God:
Gold:   553        SH:  0    Dex: 13    Spells: 10/10 levels left

rFire    + + .     SeeInvis +     - Unarmed
rCold    + + .     Gourm    +   (no shield)
rNeg     . . .     Faith    .   B - +2 robe {rC+ rF+}
rPois    +         Spirit   .   (helmet restricted)
rElec    +         Reflect  .   k - scarf {rC+ rF+}
rCorr    .         Harm     .   (gloves unavailable)
MR       .....                  (boots unavailable)
Stlth    ++........             (no amulet)
HPRegen  0.67/turn              e - ring of Nujiased {*Contam rElec rPois SInv}
MPRegen  0.12/turn              z - ring of flight

@: marked
A: large, unfitting armour, claws 3, fast metabolism 3, gourmand, regeneration
1, shaggy fur 1, tough skin 3
a: Evoke Flight


You were on level 10 of the Dungeon.
You were completely stuffed.

You visited 1 branch of the dungeon, and saw 11 of its levels.

You collected 553 gold pieces.

Inventory:

Hand Weapons
 t - a +2 dire flail of protection
Missiles
 r - 7 large rocks (quivered)
Armour
 k - a scarf of resistance (worn)
 B - a +2 robe of resistance (worn)
Jewellery
 e - the ring of Nujiased (left claw) {*Contam rElec rPois SInv}
   (You found it on level 6 of the Dungeon)

   [ring of poison resistance]

   It insulates you from electricity.
   It protects you from poison.
   It lets you see invisible.
   It causes magical contamination when unequipped.
 l - an uncursed amulet of the acrobat {unknown}
 s - an uncursed amulet of regeneration
 z - a ring of flight (right claw)
Wands
 p - a wand of polymorph (11)
 q - a wand of flame (9)
 A - a wand of acid (5)
Scrolls
 c - 5 scrolls of teleportation
 d - 3 scrolls of enchant weapon {unknown}
 f - 3 scrolls of remove curse {unknown}
 g - a scroll of enchant armour {unknown}
 i - 3 scrolls of magic mapping {unknown}
 m - a scroll of holy word {unknown}
 n - a scroll of fog {unknown}
 o - 3 scrolls of amnesia {unknown}
 u - a scroll of immolation {unknown}
 v - a scroll of vulnerability {unknown}
 y - 2 scrolls of blinking
Potions
 a - a potion of lignification
 h - 5 potions of curing
 w - a potion of might
 x - a potion of heal wounds
Miscellaneous
 C - a lightning rod (4/4)
Comestibles
 b - 22 rations
 j - 16 chunks of flesh


   Skills:
 * Level 6.0 Fighting
 + Level 5.5 Dodging
 - Level 1.0 Stealth
 * Level 15.1 Unarmed Combat


You had 10 spell levels left.
You didn't know any spells.
Your spell library contained the following spells:

 Spells                   Type           Power        Failure   Level  Hunger
 Magic Dart               Conj           #...         45%         1    ##.....
 Pain                     Necr           #...         45%         1    ##.....
 Searing Ray              Conj           #.....       58%         2    ###....
 Confusing Touch          Hex            #.......     83%         3    ####...
 Dazzling Flash           Conj/Hex       #.....       83%         3    ####...
 Gell's Gravitas          Tloc           #.........   83%         3    ####...
 Fulminant Prism          Conj/Hex       #.........   99%         4    #####..
 Iskenderun's Mystic Bla  Conj/Tloc      #.......     99%         4    #####..
 Petrify                  Tmut/Erth      #.......     99%         4    #####..
 Metabolic Englaciation   Hex/Ice        #.........   100%        5    ######.
 Yara's Violent Unravell  Hex/Tmut       #.........   100%        5    ######.


Dungeon Overview and Level Annotations

Branches:
Dungeon (11/15)            Temple (0/1) D:7             Orc (0/2) D:9
   Lair: D:8-11

Altars:
Ashenzari
Cheibriados
Elyvilon
Fedhas
Gozag
Kikubaaqudgha
Makhleb
Okawaru
Qazlal
Sif Muna
Uskayaw
Vehumet
Zin
The Shining One

Annotations:
D:7 1 runed translucent door, Crazy Yiuf, Joseph


Innate Abilities, Weirdness & Mutations

You are too large for most types of armour.
You have claws for hands.
Your metabolism is lightning-fast.
You like to eat raw meat.
Your natural rate of healing is unusually fast.
You are covered in fur. (AC +1)
You have extremely tough skin. (AC +3)


Message History

The porcupine bites you but does no damage.
Things that are here:
a bullfrog corpse; an iguana corpse You barely miss the porcupine.
The porcupine twitches its whiskers.
The porcupine bites you! The orc hits you but does no damage.
You scratch the orc.
The orc is moderately wounded.
An orc warrior comes into view. It is wielding a +0 hand axe.
You are struck by the porcupine's spines.
You barely miss the porcupine. The porcupine barely misses you.
The orc hits you but does no damage.
The crimson imp blinks!
An orc wizard comes into view.
It is wielding a +0 dagger and carrying a wand of iceblast (9).
The orc warrior throws a boomerang.
The boomerang hits you!
* * * LOW HITPOINT WARNING * * *
The weapon returns to the orc warrior!
The porcupine bites you!
* * * LOW HITPOINT WARNING * * *
The orc hits you but does no damage. The porcupine bites you!
You die...

)..##≈≈##≈≈[##≈≈.# #.#
.....≈≈#≈≈≈≈≈#≈≈.# #.#
....#≈≈##≈≈≈##≈÷.###.#
)....≈≈≈#≈≈≈#≈≈≈.##..# #
##..#.≈≈##≈##≈≈..##.##.#
#..##.≈≈###≈≈...##.(..# #
#.(###≈≈≈≈≈≈≈....)..#.....#
#.)[###≈≈≈≈≈#.#†..........#
#)#>÷#####.##nr@..###.....#
#.##..###a....†o.## ######
#.###......##.#..# #.#
##...#...)#.## #.#
#.....<(#.#.## #.#
#.###...(...§.#
#..##.###.###.....#
.#....#.o.# #.....#
.......o.## #.....#


You could see a necrophage, a porcupine, a worker ant, an orc wizard and an orc.

Vanquished Creatures
  Harold (D:10)
  A two-headed ogre (D:8)
  2 trolls (D:9)
  Grinder (D:4)
  A hippogriff (D:8)
  A human (D:7)
  2 yaks
  3 hogs (D:7)
  A wyvern (D:7)
  Eustachio (D:5)
  Menkaure (D:5)
  3 swamp worms (D:10)
  A water moccasin (D:9)
  4 black bears
  2 sky beasts
  12 orc warriors
  2 ice beasts
  7 ogres
  2 phantoms
  4 centaurs
  A crocodile (D:11)
  4 big kobolds
  3 bullfrogs
  A wyvern zombie (D:8)
  A water moccasin zombie (D:8)
  3 scorpions
  A killer bee (D:6)
  6 wights
  3 howler monkeys
  3 centaur zombies
  18 orc wizards
  4 crimson imps
  A jelly (D:8)
  9 orc priests
  A centaur skeleton (D:5)
  6 hounds
  5 bullfrog skeletons
  Terence (D:2)
  5 worker ants
  3 iguanas
  2 hound zombies
  Robin (D:4)
  A howler monkey skeleton (D:6)
  7 adders
  2 shadow imps
  An adder zombie (D:5)
  2 worms
  A dart slug (D:2)
  7 leopard geckos
  48 orcs
  2 ball pythons
  2 bats
  6 giant cockroaches
  18 goblins
  10 hobgoblins
  18 jackals
  4 quokkas
  7 frilled lizards
  28 kobolds
  3 leopard gecko skeletons
  A leopard gecko zombie (D:9)
  A quokka skeleton (D:9)
  5 rats
  A plant (D:10)
309 creatures vanquished.

Vanquished Creatures (others)
  An orc (D:7)
  4 fungi (D:10)
  A plant (D:10)
6 creatures vanquished.

Grand Total: 315 creatures vanquished

Notes
Turn   | Place    | Note
-------+----------+-------------------------------------------
     0 | D:1      | robertstho the Troll Monk began the quest for the Orb.
     0 | D:1      | Reached XP level 1. HP: 22/22 MP: 0/0
   132 | D:1      | Reached XP level 2. HP: 29/29 MP: 1/1
   343 | D:1      | Reached XP level 3. HP: 36/36 MP: 2/2
   960 | D:2      | Noticed Terence
   970 | D:2      | Killed Terence
   970 | D:2      | Reached skill level 4 in Unarmed Combat
  1062 | D:2      | Reached XP level 4. HP: 44/44 MP: 3/3
  1271 | D:2      | Found an iron altar of Okawaru.
  1766 | D:3      | Found a glowing golden altar of the Shining One.
  1868 | D:4      | Reached XP level 5. HP: 43/53 MP: 4/4
  1874 | D:4      | Reached skill level 5 in Unarmed Combat
  1993 | D:4      | Reached XP level 6. HP: 51/61 MP: 5/5
  2090 | D:4      | Found a shattered altar of Ashenzari.
  2119 | D:4      | Reached skill level 6 in Unarmed Combat
  2141 | D:4      | Noticed Robin
  2150 | D:4      | Killed Robin
  2277 | D:4      | Noticed Grinder
  2285 | D:4      | Paralysed by Grinder for 4 turns
  2291 | D:4      | Killed Grinder
  2291 | D:4      | Reached skill level 7 in Unarmed Combat
  2291 | D:4      | Reached XP level 7. HP: 34/67 MP: 6/6
  2483 | D:4      | Found a white marble altar of Elyvilon.
  2718 | D:5      | Entered Level 5 of the Dungeon
  2885 | D:5      | Reached skill level 8 in Unarmed Combat
  2891 | D:5      | Noticed Menkaure
  2899 | D:5      | Killed Menkaure
  2903 | D:5      | Reached XP level 8. HP: 13/78 MP: 7/7
  3049 | D:5      | Noticed Eustachio
  3068 | D:5      | Killed Eustachio
  3068 | D:5      | Reached skill level 9 in Unarmed Combat
  3269 | D:6      | Got a smoking bone ring
  3270 | D:6      | Identified the ring of Nujiased {*Contam rElec rPois SInv}
                  | (You found it on level 6 of the Dungeon)
  3343 | D:6      | Reached skill level 10 in Unarmed Combat
  3485 | D:6      | Found a glowing golden altar of the Shining One.
  3586 | D:6      | Found a blossoming altar of Fedhas.
  3857 | D:6      | Reached XP level 9. HP: 85/85 MP: 8/8
  3864 | D:6      | Found a burning altar of Makhleb.
  4080 | D:5      | HP: 1/85 [orc warrior/+0 broad axe (16)]
  4223 | D:7      | Reached skill level 11 in Unarmed Combat
  4295 | D:7      | Found an opulent altar of Gozag.
  4516 | D:7      | Found a staircase to the Ecumenical Temple.
  4689 | D:7      | Found a runed translucent door.
  4690 | D:7      | Noticed Crazy Yiuf
  4813 | D:7      | Found a stormy altar of Qazlal.
  4842 | D:7      | Reached skill level 12 in Unarmed Combat
  4851 | D:7      | Reached skill level 5 in Fighting
  4906 | D:7      | Found a snail-covered altar of Cheibriados.
  4908 | D:7      | Noticed Joseph
  4909 | D:7      | Found an opulent altar of Gozag.
  4932 | D:7      | Reached XP level 10. HP: 94/96 MP: 9/9
  5260 | D:8      | Found a hide-covered altar of Uskayaw.
  5307 | D:8      | Reached skill level 13 in Unarmed Combat
  5482 | D:8      | Reached skill level 5 in Dodging
  5599 | D:8      | Found a glowing silver altar of Zin.
  5600 | D:8      | Noticed a two-headed ogre
  5605 | D:8      | Killed a two-headed ogre
  5787 | D:9      | Found a staircase to the Orcish Mines.
  5802 | D:9      | Reached skill level 14 in Unarmed Combat
  6186 | D:9      | Reached XP level 11. HP: 84/105 MP: 10/10
  6505 | D:9      | Found a shimmering blue altar of Sif Muna.
  6519 | D:9      | Found an ancient bone altar of Kikubaaqudgha.
  6531 | D:9      | Identified Kikubaaqudgha's Grimoire of Stolen Souls
  6544 | D:9      | Found a radiant altar of Vehumet.
  6628 | D:10     | Entered Level 10 of the Dungeon
  6990 | D:10     | Noticed Harold
  7012 | D:10     | Killed Harold
  7012 | D:10     | Reached skill level 15 in Unarmed Combat
  7029 | D:10     | Slain by a porcupine

Levels and vault maps discovered:
D:1:      matt_arrival_diagonals, layout_basic, minmay_bisected
D:2:      layout_basic, overflow_temple_1_default, uniq_terence
D:3:      layout_rooms, tso_oasis_becter, first_ration
D:4:      layout_loops_ring, nicolae_ashenzari_panopticon, marbit_many_paths,
          uniq_robin, uniq_grinder
D:5:      layout_rooms, uniq_menkaure, uniq_eustachio
D:6:      layout_loops_cross, fedhas_altar_3, hangedman_feature_mirror
D:7:      layout_rooms, grunt_qazlal_clouds, nicolae_overflow_hidden_temple,
          temple_pool_b, grunt_livestock, grunt_gozag_breadcrumbs,
          uniq_crazy_yiuf_cottage, uniq_joseph
D:8:      layout_rooms, zin_academy, lemuel_doored_altar, eino_curves_04
D:9:      layout_loops_ring, palyth_temple_overflow_mages, orc_0_dummy,
          kennysheep_generic_room_11
D:10:     layout_rooms, grunt_lair_entry_orc_guard_hut, worms_lemuel,
          uniq_maggie, uniq_harold
D:11:     layout_irregular_city, minmay_rotating_lava

Skill      XL: |  1  2  3  4  5  6  7  8  9 10 11 |
---------------+----------------------------------+-----
Unarmed Combat | 4 5 7 8 10 12 14 15 | 15.1
Fighting       | 3 4 5 6 |  6.0
Dodging        | 3 4 5 |  5.5
Stealth        | |  1.0

Action                   |  1- 3 |  4- 6 |  7- 9 | 10-12 || total
-------------------------+-------+-------+-------+-------++-------
Melee: Unarmed           |    73 |   172 |   275 |   342 ||   862
       Punch             |     1 |     4 |    16 |    21 ||    42
  Use: Potion            |       |     2 |     2 |       ||     4
       Scroll            |       |       |     5 |     2 ||     7
 Stab: Sleeping          |     4 |       |     2 |     1 ||     7
  Eat: Chunk             |    15 |    12 |    24 |    19 ||    70
Armor: Robe              |    13 |    61 |    73 |    84 ||   231
Dodge: Dodged            |    30 |   104 |   131 |   174 ||   439

Table legend:
 A = Non-vault XP
 B = Vault XP
 C = Vault XP percentage of total XP
 D = Non-vault monster count
 E = Vault monster count
 F = Vault count percentage of total count
                 A         B        C        D         E       F
            +---------+---------+-------+---------+---------+-------
      Total |   10538 |    4063 |  27.8 |     265 |      43 |  14.0
            +---------+---------+-------+---------+---------+-------
        D:1 |      45 |       3 |   6.2 |      26 |       2 |   7.1
        D:2 |      43 |      36 |  45.6 |      15 |       1 |   6.2
        D:3 |      23 |       0 |   0.0 |      13 |       0 |   0.0
        D:4 |     486 |     341 |  41.2 |      30 |      14 |  31.8
        D:5 |     635 |     366 |  36.6 |      17 |       2 |  10.5
        D:6 |     801 |     356 |  30.8 |      25 |       5 |  16.7
        D:7 |    1994 |     992 |  33.2 |      37 |       5 |  11.9
        D:8 |    3110 |       0 |   0.0 |      29 |       0 |   0.0
        D:9 |    2084 |     223 |   9.7 |      45 |       7 |  13.5
       D:10 |    1145 |    1746 |  60.4 |      25 |       7 |  21.9
       D:11 |     172 |       0 |   0.0 |       3 |       0 |   0.0
            +---------+---------+-------+---------+---------+-------
